 Dungeon Crawl Stone Soup version 0.19-a0-835-gf140595 (webtiles) character file.

528 FrankyJ the Chopper (level 7, -5/62 HPs)
             Began as a Hill Orc Monk on June 30, 2016.
             Slain by an ogre
             ... wielding a +0 giant club
              (9 damage)
             ... on level 4 of the Dungeon.
             The game lasted 00:17:34 (5351 turns).

FrankyJ the Chopper (Hill Orc Monk)                 Turns: 5351, Time: 00:17:34

Health: -5/62      AC: 11    Str: 15    XL:     7   Next: 23%
Magic:  7/7        EV:  8    Int: 15    God:
Gold:   161        SH:  0    Dex: 14    Spells: 0 memorised, 6 levels left

rFire  . . .     SeeInvis +     a - +1 hand axe
rCold  . . .     Gourm    .     C - +0 chain mail
rNeg   . . .     Faith    .     (no shield)
rPois  .         Spirit   .     (no helmet)
rElec  .         Dismiss  .     (no cloak)
rCorr  .         Reflect  .     (no gloves)
SustAt .         Harm     .     w - +1 pair of boots {Fly}
MR     .....                    (no amulet)
Stlth  ..........               n - ring of see invisible
                                e - +5 ring of intelligence

@: flying, not resistant to hostile enchantments, extremely unstealthy
A: no striking features
a: Stop Flying


You were on level 4 of the Dungeon.
You were not hungry.

You visited 2 branches of the dungeon, and saw 5 of its levels.
You also visited: Sewer.

You collected 161 gold pieces.

Inventory:

Hand Weapons
 a - a +1 hand axe (weapon)
Missiles
 k - 10 curare-tipped needles
Armour
 w - a +1 pair of boots of flying (worn)
 C - a +0 chain mail (worn)
Jewellery
 e - a +5 ring of intelligence (left hand)
 n - a ring of see invisible (right hand)
 x - an uncursed ring of stealth {unknown}
 A - an uncursed amulet of magic regeneration {unknown}
Wands
 i - a wand of slowing (26/48)
Scrolls
 b - 2 scrolls of magic mapping {unknown}
 d - a scroll of enchant armour {unknown}
 h - 3 scrolls of identify
 o - a scroll of fear {unknown}
 p - 4 scrolls of recharging {unknown}
 q - 2 scrolls of blinking {unknown}
 u - 4 scrolls of teleportation {unknown}
 v - a scroll of enchant weapon
 y - 2 scrolls of fog
 z - a scroll of immolation {unknown}
Potions
 f - 8 potions of curing
 g - 3 potions of lignification {unknown}
 l - 2 potions of magic {unknown}
 m - a potion of ambrosia
 r - 4 potions of heal wounds {unknown}
 s - a potion of brilliance {unknown}
 t - a potion of haste {unknown}
Comestibles
 c - 3 bread rations
 j - 3 meat rations


   Skills:
 * Level 5.8 Fighting
 * Level 6.3 Axes
 * Level 4.4 Armour
 + Level 3.3 Dodging
 - Level 1.5 Stealth


You had 6 spell levels left.
You didn't know any spells.

Dungeon Overview and Level Annotations

Branches:
Dungeon (4/15)             Temple (1/1) D:4

Altars:
Ashenzari
Dithmenos
Elyvilon
Fedhas
Gozag
Hepliaklqana
Kikubaaqudgha
Makhleb
Nemelex Xobeh
Okawaru
Pakellas
Qazlal
Ru
Trog
Uskayaw
Vehumet
Xom
Yredelemnul
Zin
The Shining One


Message History

The ogre is severely wounded.
The ogre hits you with a giant club!
You hit the ogre.
The ogre is severely wounded.
The ogre barely misses you.
You hit the ogre.
The ogre is almost dead.
The ogre hits you with a giant club!
Your chain mail prevents you from hitting the ogre.
The ogre is almost dead.
You hit the ogre.
The ogre is almost dead.
The ogre hits you with a giant club!!
* * * LOW HITPOINT WARNING * * *
You are too injured to fight recklessly!
You are too injured to fight recklessly!
You completely miss the ogre.
The ogre is almost dead.
The ogre hits you with a giant club!
You die...

....#####.......##
##..##...##.. .##..
##.......# ##..##...##...
......
#.......###..##.⌠.##..## .
....
#........##.####+##..###
########.##........###
#...#....#### . ###.#.####
#.##########....##
.........#@......#
##..(...O.......#
#..(............#
#...............#
#.?.......>.....########
#..................#...##
#..............)........##
#................(.......#
##.......................#


You could see an ogre.

Vanquished Creatures
  2 giant frogs (Sewer)
  A hound (D:4)
  An orc priest (D:2)
  A worker ant (D:3)
  4 gnolls
  A howler monkey skeleton (D:3)
  11 adders
  3 river rats (Sewer)
  7 oozes
  A worm (D:2)
  4 orcs
  10 ball pythons
  9 bats
  7 giant cockroaches
  5 goblins
  7 hobgoblins
  2 jackals (D:1)
  10 kobolds
  A quokka (D:4)
  11 giant newts
  32 rats
130 creatures vanquished.

Notes
Turn   | Place    | Note
--------------------------------------------------------------
     0 | D:1      | FrankyJ the Hill Orc Monk began the quest for the Orb.
     0 | D:1      | Reached XP level 1. HP: 19/19 MP: 1/1
   159 | D:1      | Reached XP level 2. HP: 12/27 MP: 2/2
   743 | D:1      | Reached XP level 3. HP: 32/33 MP: 3/3
  1263 | D:2      | Reached skill level 5 in Axes
  1267 | D:2      | Reached XP level 4. HP: 35/41 MP: 4/4
  1348 | D:2      | Reached skill level 1 in Armour
  2324 | D:2      | Found a bloodstained altar of Trog.
  2324 | D:2      | Found a hazy altar of Hepliaklqana.
  2325 | D:2      | Found a glowing golden altar of the Shining One.
  2338 | D:2      | Reached XP level 5. HP: 38/47 MP: 5/5
  2498 | D:2      | Found a stormy altar of Qazlal.
  2498 | D:2      | Noticed a water elemental
  2502 | D:2      | Noticed a fire elemental
  2556 | D:2      | Noticed an air elemental
  2694 | D:2      | Reached skill level 5 in Fighting
  2937 | D:3      | Found a glowing drain.
  2944 | Sewer    | Entered a sewer
  3210 | Sewer    | Reached XP level 6. HP: 38/56 MP: 6/6
  3806 | Sewer    | Reached skill level 6 in Axes
  3815 | Sewer    | Reached XP level 7. HP: 28/61 MP: 7/7
  4152 | D:3      | Found a white marble altar of Elyvilon.
  4203 | D:3      | Found a shattered altar of Ashenzari.
  4281 | D:3      | Found a blossoming altar of Fedhas.
  4284 | D:3      | Found an ancient bone altar of Kikubaaqudgha.
  4468 | D:3      | Found a blossoming altar of Fedhas.
  4742 | D:4      | Found a staircase to the Ecumenical Temple.
  4750 | Temple   | Entered the Ecumenical Temple
  5111 | D:4      | Found a sparkling altar of Nemelex Xobeh.
  5351 | D:4      | Slain by an ogre

Vault maps used:
D:1:      minmay_arrival_semitransparent, hangedman_decor_riveting
D:2:      nicolae_qazlal_style_of_elements, gammafunk_temple_overflow_claw
D:3:      grunt_temple_overflow_growth_and_decay, overflow_temple_1_default,
          ashenzari_conservatory_becter, first_bread, lightli_sewer_entry_pipes,
          fedhas_altar_2
D:4:      nemelex_altar_shiori, grunt_decor_arrowhead, elyvilon_altar_3
Temple:   minmay_temple_curvy_loop
Sewer:    sewer_minmay_w

Skill      XL: |  1  2  3  4  5  6 |
---------------+-------------------+-----
Fighting       | 4 5 |  5.8
Axes           | 5 6 |  6.3
Armour         | 2 3 4 |  4.4
Dodging        | 3 |  3.3
Stealth        | |  1.5

Action                   |  1- 3 |  4- 6 |  7- 9 || total
-------------------------+-------+-------+-------++-------
Melee: Hand axe          |   136 |   280 |    94 ||   510
Throw: Javelin           |       |       |     2 ||     2
  Use: Scroll            |       |     4 |       ||     4
       Potion            |       |     2 |       ||     2
  Eat: Chunk             |     1 |     9 |     5 ||    15
Armor: Robe              |     1 |       |       ||     1
       Scale mail        |    49 |   127 |    22 ||   198
       Chain mail        |       |       |     4 ||     4
Dodge: Dodged            |    74 |   179 |    46 ||   299
